AoeStats
← ssz

Arabia

509840058Analyzed
1v1 RM · 4d ago on Sep 28, 2026· 49m 40s· 2 players
Game mode
Random Map
Map size
Tiny (2 player)
Population
200
Speed
Normal
Resources
Standard
Victory
Conquest
Starting age
Dark Age
Ending age
Imperial Age
RankedLock teamsTeams togetherTeam positionsShared explorationLock speedFull tech treeHidden civsTurbo modeCheats
Victory
Defeat
🇨🇳 Saxons · China
1533
+19
🇹🇷 Koreans · Türkiye
1592
-19
ssz
10:17 Feudal Age
8:33 Loom
16:09 Castle Age
14:50 Double-Bit Axe
17:02 Bow Saw
16:50 Fletching
21:46 Stone Mining
22:38 Gold Mining
29:40 Imperial Age
28:56 Bodkin Arrow
31:33 Wheelbarrow
30:47 Town Watch
30:44 Horse Collar
32:24 Bracer
33:30 Chemistry
35:31 Elite War Wagon
35:44 Light Cavalry
36:30 Scale Barding Armor
36:48 Husbandry
37:02 Hussar
38:07 Chain Barding Armor
43:06 Ballistics
45:43 Forging
♞王通
6:33 Loom
9:04 Feudal Age
10:29 Double-Bit Axe
10:25 Horse Collar
17:21 Castle Age
16:21 Gold Mining
18:34 Bow Saw
19:11 Gold Shaft Mining
22:50 Wheelbarrow
23:02 Heavy Plow
25:09 Hand Cart
24:40 Town Watch
29:24 Imperial Age
27:54 Scale Mail Armor
28:04 Forging
27:56 Squires
28:45 Sanctity
28:39 Redemption
29:04 Masonry
30:02 Gold Shaft Mining
29:17 Stone Mining
29:30 Fletching
29:21 Clerical Recruitment
30:37 Scale Mail Armor
30:47 Forging
30:42 Squires
31:33 Chain Mail Armor
31:12 Shield Wall
32:10 Forging
32:43 Conscription
32:52 Block Printing
33:03 Illumination
33:18 Theocracy
34:00 Plate Mail Armor
32:53 Elite Varangian Guard
34:10 Forging
33:47 Arson
35:18 Gambesons
37:50 Iron Casting
37:58 Conscription
38:13 Capped Ram
41:03 Guilds
42:08 Siege Ram
45:19 Bodkin Arrow
45:38 Guard Tower
50:25 Keep
Connection lost

Rejoining the realm…

Still unreachable

The connection could not be restored.

Session expired

The server has moved on; the page needs a fresh start.